 Dungeon Crawl Stone Soup version 0.20.0-10-g0535bb4 (webtiles) character file.

626 SedStubbie the Digger (level 7, -1/41 HPs)
             Began as an Octopode Earth Elementalist on June 3, 2017.
             Slain by Pikel
             ... wielding a +0 whip of flaming
              (6 damage)
             ... on level 4 of the Dungeon.
             The game lasted 00:10:19 (4088 turns).

SedStubbie the Digger (Octopode Earth Elementalist) Turns: 4088, Time: 00:10:20

Health: -1/41      AC:  3    Str:  7    XL:     7   Next: 47%
Magic:  4/15       EV: 14    Int: 19    God:
Gold:   177        SH:  0    Dex: 16    Spells: 10/16 levels left

rFire    . . .     SeeInvis .   S - +0 dagger (venom)
rCold    + . .     Gourm    .   (no shield)
rNeg     . . .     Faith    .   (helmet restricted)
rPois    .         Spirit   .   (no amulet)
rElec    .         Reflect  .   V - +2 ring of intelligence
rCorr    .         Harm     .   e - +3 ring of dexterity
MR       .....                  c - ring of protection from cold
Stlth    +++.......             (no ring)
Regen    0.2/turn               (no ring)
MPRegen  0.2/turn               (no ring)
                                (no ring)
                                (no ring)

@: no status effects
A: almost no armour, stealthy swim, amphibious, 8 rings, constrict 8, tentacle
spike 1, slimy green scales 1, camouflage 1, dopey 1, gelatinous body 1
a: no special abilities


You were on level 4 of the Dungeon.
You were not hungry.

You visited 1 branch of the dungeon, and saw 4 of its levels.

You collected 177 gold pieces.

Inventory:

Hand Weapons
 S - a +0 dagger of venom (weapon)
Missiles
 b - 46 stones (quivered)
Jewellery
 c - a ring of protection from cold (on tentacle)
 e - a +3 ring of dexterity (right tentacle)
 V - a +2 ring of intelligence (left tentacle)
Scrolls
 N - a scroll of remove curse
 R - 6 scrolls of identify
 T - 3 scrolls of teleportation
 X - a scroll of recharging
Potions
 O - a potion of degeneration {unknown}
 Q - a potion of curing
 U - a potion of brilliance
 Z - 2 potions of agility
Books
 d - a book of Geomancy

   Spells                             Type                      Level
   a - Sandblast                      Earth                        1
   b - Passwall                       Transmutation/Earth          2
   c - Stone Arrow                    Conjuration/Earth            3
   d - Petrify                        Transmutation/Earth          4
   e - Lee's Rapid Deconstruction     Earth                        5
Comestibles
 z - a meat ration
 B - 2 royal jellies
 W - 5 bread rations


   Skills:
 - Level 2.0 Dodging
 - Level 2.6 Stealth
 + Level 5.4 Spellcasting
 - Level 1.0 Transmutations
 + Level 6.2 Earth Magic


You had 10 spell levels left.
You knew the following spells:

 Your Spells              Type           Power        Failure   Level  Hunger
a - Sandblast             Erth           ####..       1%          1    None
b - Stone Arrow           Conj/Erth      ###...       10%         3    ##.....
c - Passwall              Tmut/Erth      ###.......   4%          2    None


Dungeon Overview and Level Annotations

Branches:
Dungeon (4/15)
 Temple: D:4-7

Altars:
Xom

Annotations:
D:4 2 exclusions, Pikel


Innate Abilities, Weirdness & Mutations

You cannot wear most types of armour.
You are very stealthy in the water. (Stealth+)
You are amphibious.
You can wear up to eight rings at the same time.
You can use your tentacles to constrict eight enemies at once.
Your skin changes colour to match your surroundings (Stealth+).
Your rubbery body absorbs attacks. (AC +1, EV +1)
One of your tentacles bears a spike.
You are partially covered in slimy green scales. (AC +2)
You are dopey. (Int -2)


Message History

Aiming: Sandblast
Press: ? - help, Shift-Dir - straight line, f/p - Pikel
Aim: Pikel, wielding a whip of flaming and wearing a robe (lightly wounded, poisoned)
The blast of sand hits Pikel.
Pikel is lightly wounded.
b - 47 stones Pikel hits you with a whip of flaming.
Pikel burns you.
A slave comes into view.
Casting: Sandblast
Confirm with . or Enter, or press ? or * to list all spells.
Aiming: Sandblast
Press: ? - help, Shift-Dir - straight line, f/p - Pikel
Aim: Pikel, wielding a whip of flaming and wearing a robe (lightly wounded, poisoned)
The blast of sand hits Pikel.
Pikel is lightly wounded.
b - 46 stones Pikel hits you with a whip of flaming!
* * * LOW HITPOINT WARNING * * *
Pikel burns you.
You die...

##### ...#
#######.##########
.).....hp........#
########K####.###.#
(.(....@.)..#.....#
###########.#.#####
#.# #O# #.# #######
#)# .......##.####
p..>.....(...#######
=......(......).....


You could see Pikel, a slave and a jackal.

Vanquished Creatures
  2 ogres (D:4)
  A sky beast (D:3)
  Blork the orc (D:4)
  3 orc wizards
  2 worker ants
  Robin (D:3)
  3 gnolls (D:3)
  5 adders
  A worm (D:2)
  A dart slug (D:2)
  2 leopard geckos
  11 orcs
  9 bats
  4 giant cockroaches
  17 goblins
  4 hobgoblins
  2 jackals (D:4)
  2 kobolds
  3 ball pythons
  5 frilled lizards
  4 rats
83 creatures vanquished.

Notes
Turn   | Place    | Note
-------+----------+-------------------------------------------
     0 | D:1      | SedStubbie the Octopode Earth Elementalist began the quest for the Orb.
     0 | D:1      | Reached XP level 1. HP: 11/11 MP: 3/3
   893 | D:1      | Reached XP level 2. HP: 10/17 MP: 5/5
  1341 | D:2      | Reached XP level 3. HP: 20/21 MP: 7/7
  1611 | D:2      | Found a shimmering altar of Xom.
  1699 | D:2      | Reached skill level 3 in Spellcasting
  1757 | D:2      | Reached skill level 4 in Earth Magic
  1757 | D:2      | Reached XP level 4. HP: 20/27 MP: 5/8
  2221 | D:3      | Reached XP level 5. HP: 28/31 MP: 5/10
  2455 | D:3      | Noticed Robin
  2552 | D:3      | Killed Robin
  3246 | D:4      | Learned a level 2 spell: Passwall
  3250 | D:4      | Learned a level 3 spell: Stone Arrow
  3271 | D:4      | Noticed a slave
  3271 | D:4      | Noticed an ogre
  3460 | D:4      | Noticed Blork the orc
  3469 | D:4      | Killed Blork the orc
  3469 | D:4      | Reached skill level 5 in Earth Magic
  3469 | D:4      | Reached XP level 6. HP: 36/36 MP: 1/12
  3907 | D:4      | Reached XP level 7. HP: 23/41 MP: 3/14
  4004 | D:3      | Reached skill level 6 in Earth Magic
  4009 | D:3      | Gained mutation: One of your tentacles bears a spike. [mutagenic meat]
  4010 | D:3      | Gained mutation: You are partially covered in slimy green scales. (AC +2) [mutagenic meat]
  4011 | D:3      | Gained mutation: You are dopey. (Int -2) [mutagenic meat]
  4082 | D:4      | Noticed Pikel
  4088 | D:4      | Slain by Pikel

Skill      XL: |  1  2  3  4  5  6  7 |
---------------+----------------------+-----
Spellcasting   | 3 4 5 |  5.4
Earth Magic    | 4 5 6 |  6.2
Dodging        | |  2.0
Stealth        | |  2.6
Transmutations | |  1.0

Action                   |  1- 3 |  4- 6 |  7- 9 || total
-------------------------+-------+-------+-------++-------
Melee: Unarmed           |    54 |    12 |       ||    66
       Tentacles         |    10 |    10 |     1 ||    21
       Constrict         |    15 |    13 |     1 ||    29
       Dagger            |       |    34 |     5 ||    39
       Kick              |       |       |     1 ||     1
 Fire: Hunting sling     |       |     8 |       ||     8
Throw: Stone             |       |    10 |     2 ||    12
 Cast: Sandblast         |    12 |    52 |     8 ||    72
       Stone Arrow       |       |     8 |     4 ||    12
  Use: Potion            |     1 |     4 |       ||     5
       Scroll            |     2 |     4 |       ||     6
 Stab: Sleeping          |     9 |     4 |       ||    13
       Distracted        |     1 |       |       ||     1
  Eat: Chunk             |     2 |     6 |     5 ||    13
Armor: Skin              |     4 |     1 |       ||     5
Dodge: Dodged            |    38 |    34 |     2 ||    74
